TOP OF THE 1ST |
Roy Eagle Squadron batting - Pitching for San Francisco Macho Men : RHP Héctor Martínez
|
Pitching: RHP Héctor Martínez
|
|
Batting: SHB Troy Holland
|
0-0: Called Strike 0-1: Foul Ball, location: 2F 0-2: Strikes out swinging
|
Batting: LHB Reynaldo Martínez
|
0-0: Reached on error, E4 (Groundball, 4)
|
Batting: LHB Octávio Otero
|
0-0: Ball 1-0: Foul Ball, location: 2F 1-1: Fly out, F9 (Flyball, 9LD) Runner from 2nd tags up, SAFE at 3rd, no throw
|
Batting: LHB Quinn Webb
|
0-0: Ball 1-0: Swinging Strike 1-1: Foul Ball, location: 2F 1-2: Strikes out swinging
|
Top of the 1st over - 0 runs, 0 hits, 1 error, 1 left on base; Roy 0 - San Francisco 0 |
BOTTOM OF THE 1ST |
San Francisco Macho Men batting - Pitching for Roy Eagle Squadron : LHP Guonçallo Caldas
|
Pitching: LHP Guonçallo Caldas
|
|
Batting: RHB Dave MacGruder
|
0-0: Ball 1-0: Ball 2-0: Called Strike 2-1: Foul Ball, location: 2F 2-2: Foul Ball, location: 2F 2-2: Ball 3-2: Base on Balls
|
Batting: RHB Ánibal López
|
0-0: Ball Dave MacGruder is caught stealing 2nd base 1-0: Ball 2-0: Ball 3-0: Base on Balls
|
Batting: RHB Dave Bennett
|
0-0: Called Strike 0-1: Called Strike 0-2: Foul Ball, location: 2F 0-2: Foul Ball, location: 2F 0-2: Strikes out swinging
|
Batting: SHB Brian Fish
|
0-0: Ball 1-0: Foul Ball, location: 2F 1-1: Ball 2-1: Foul Ball, location: 2F 2-2: SINGLE (Line Drive, 6MD) Ánibal López to second
|
Batting: RHB Weldon Duke
|
0-0: Foul Ball, location: 2F 0-1: Ball 1-1: Ball 2-1: Foul Ball, location: 2F 2-2: Ball 3-2: Strikes out swinging
|
Bottom of the 1st over - 0 runs, 1 hit, 0 errors, 2 left on base; Roy 0 - San Francisco 0 |
TOP OF THE 2ND |
Roy Eagle Squadron batting - Pitching for San Francisco Macho Men : RHP Héctor Martínez
|
Batting: SHB Dwight Hill
|
0-0: Foul Ball, location: 2F 0-1: Fly out, F9 (Flyball, 9LM)
|
Batting: RHB Jack Jenkins
|
0-0: Foul Ball, location: 2F 0-1: Foul Ball, location: 2F 0-2: Ball 1-2: Ground out U3 (Groundball, 23)
|
Batting: RHB Diego Molina
|
0-0: Ball 1-0: Ground out 6-3 (Groundball, 6)
|
Top of the 2nd over - 0 runs, 0 hits, 0 errors, 0 left on base; Roy 0 - San Francisco 0 |
BOTTOM OF THE 2ND |
San Francisco Macho Men batting - Pitching for Roy Eagle Squadron : LHP Guonçallo Caldas
|
Batting: RHB Roberto Arce
|
0-0: Ball 1-0: Called Strike 1-1: Swinging Strike 1-2: Ball 2-2: Ball 3-2: Foul Ball, location: 2F 3-2: Foul Ball, location: 2F 3-2: Foul Ball, location: 2F 3-2: Base on Balls
|
Batting: RHB Daniel Bennett
|
0-0: SINGLE (Line Drive, 34D) Roberto Arce to second
|
Batting: RHB Bob Jones
|
0-0: Ball 1-0: Called Strike 1-1: Ball 2-1: Ball 3-1: Grounds into double play, 6-4-3 (Groundball, 6) Roberto Arce to third
|
Batting: RHB Félix López
|
0-0: SINGLE (Line Drive, 6D) Roberto Arce scores
|
Batting: RHB Dave MacGruder
|
0-0: Ball 1-0: Ball 2-0: Called Strike 2-1: Foul Ball, location: 2F 2-2: Strikes out looking
|
Bottom of the 2nd over - 1 run, 2 hits, 0 errors, 1 left on base; Roy 0 - San Francisco 1 |
TOP OF THE 3RD |
Roy Eagle Squadron batting - Pitching for San Francisco Macho Men : RHP Héctor Martínez
|
Batting: RHB Cal Cox
|
0-0: Swinging Strike 0-1: Foul Ball, location: 2F 0-2: Foul Ball, location: 2F 0-2: Ball 1-2: Strikes out swinging
|
Batting: LHB Carlos Ramírez
|
0-0: Called Strike 0-1: Foul Ball, location: 2F 0-2: Ball 1-2: Ball 2-2: Foul Ball, location: 2F 2-2: Strikes out swinging
|
Batting: SHB Troy Holland
|
0-0: Foul Ball, location: 2F 0-1: Ball 1-1: Ground out U3 (Groundball, 34S)
|
Top of the 3rd over - 0 runs, 0 hits, 0 errors, 0 left on base; Roy 0 - San Francisco 1 |
BOTTOM OF THE 3RD |
San Francisco Macho Men batting - Pitching for Roy Eagle Squadron : LHP Guonçallo Caldas
|
Batting: RHB Ánibal López
|
0-0: Ball 1-0: Called Strike 1-1: Foul Ball, location: 2F 1-2: Fly out, F8 (Flyball, 89M)
|
Batting: RHB Dave Bennett
|
0-0: Called Strike 0-1: Ground out 1-3 (Groundball, 15S)
|
Batting: SHB Brian Fish
|
0-0: Ball 1-0: Ball 2-0: Ball 3-0: Called Strike 3-1: Foul Ball, location: 2F 3-2: Fly out, F8 (Flyball, 8LD)
|
Bottom of the 3rd over - 0 runs, 0 hits, 0 errors, 0 left on base; Roy 0 - San Francisco 1 |
TOP OF THE 4TH |
Roy Eagle Squadron batting - Pitching for San Francisco Macho Men : RHP Héctor Martínez
|
Batting: LHB Reynaldo Martínez
|
0-0: Called Strike 0-1: DOUBLE (Line Drive, 8RD)
|
Batting: LHB Octávio Otero
|
0-0: Swinging Strike 0-1: SINGLE (Groundball, 34D) Reynaldo Martínez to third
|
Batting: LHB Quinn Webb
|
0-0: Grounds out, U3 (Groundball, 3L) Reynaldo Martínez scores
|
Batting: SHB Dwight Hill
|
0-0: Ball Octávio Otero is caught stealing 3rd base 1-0: Ball 2-0: Called Strike 2-1: Foul Ball, location: 2F 2-2: Foul Ball, location: 2F 2-2: Ground out 4-3 (Groundball, 34)
|
Top of the 4th over - 1 run, 2 hits, 0 errors, 0 left on base; Roy 1 - San Francisco 1 |
BOTTOM OF THE 4TH |
San Francisco Macho Men batting - Pitching for Roy Eagle Squadron : LHP Guonçallo Caldas
|
Batting: RHB Weldon Duke
|
0-0: Ball 1-0: Swinging Strike 1-1: Ball 2-1: Ball 3-1: Base on Balls
|
Batting: RHB Roberto Arce
|
0-0: Ball Weldon Duke is caught stealing 2nd base 1-0: Foul Ball, location: 2F 1-1: Foul Ball, location: 2F 1-2: Ball 2-2: Foul Ball, location: 2F 2-2: Foul Ball, location: 2F 2-2: Fly out, F7 (Flyball, 7LMF)
|
Batting: RHB Daniel Bennett
|
0-0: Ball 1-0: SINGLE (Line Drive, 78S)
|
Batting: RHB Bob Jones
|
0-0: Swinging Strike 0-1: Ball 1-1: Ball 2-1: Foul Ball, location: 2F 2-2: Ball 3-2: Base on Balls Daniel Bennett to second
|
Batting: RHB Félix López
|
0-0: Fly out, F8 (Flyball, 8LS)
|
Bottom of the 4th over - 0 runs, 1 hit, 0 errors, 2 left on base; Roy 1 - San Francisco 1 |
TOP OF THE 5TH |
Roy Eagle Squadron batting - Pitching for San Francisco Macho Men : RHP Héctor Martínez
|
Batting: RHB Jack Jenkins
|
0-0: Ball 1-0: Called Strike 1-1: Swinging Strike 1-2: Ball 2-2: Ball 3-2: Foul Ball, location: 2F 3-2: Strikes out swinging
|
Batting: RHB Diego Molina
|
0-0: Bunt for hit - play at first, batter safe!
|
Batting: RHB Cal Cox
|
0-0: Ball 1-0: Called Strike Diego Molina steals 2nd base 1-1: Foul Ball, location: 2F 1-2: Foul Ball, location: 2F 1-2: Ball 2-2: Foul Ball, location: 2F 2-2: Fly out, F7 (Line Drive, 7)
|
Batting: LHB Carlos Ramírez
|
0-0: DOUBLE (Line Drive, 9LM) Diego Molina scores
|
Batting: SHB Troy Holland
|
0-0: Foul Ball, location: 2F 0-1: Called Strike 0-2: Ball 1-2: Ball 2-2: Ball 3-2: Foul Ball, location: 2F 3-2: Base on Balls
|
Batting: LHB Reynaldo Martínez
|
0-0: Ball 1-0: Called Strike 1-1: Ball 2-1: Foul Ball, location: 2F 2-2: Foul Ball, location: 2F 2-2: Strikes out swinging
|
Top of the 5th over - 1 run, 2 hits, 0 errors, 2 left on base; Roy 2 - San Francisco 1 |
BOTTOM OF THE 5TH |
San Francisco Macho Men batting - Pitching for Roy Eagle Squadron : LHP Guonçallo Caldas
|
Batting: RHB Dave MacGruder
|
0-0: Ball 1-0: Ball 2-0: Foul Ball, location: 2F 2-1: Foul Ball, location: 2F 2-2: Ball 3-2: Base on Balls
|
Batting: RHB Ánibal López
|
0-0: Called Strike 0-1: Fly out, F7 (Flyball, 78S)
|
Batting: RHB Dave Bennett
|
0-0: Ball 1-0: Ball 2-0: Called Strike 2-1: Fielders Choice at 2nd, 6-4 (Groundball, 6)
|
Batting: SHB Brian Fish
|
0-0: Ball 1-0: Called Strike 1-1: SINGLE (Flyball, 8LS) Dave Bennett to second
|
Batting: RHB Weldon Duke
|
0-0: Called Strike 0-1: Foul Ball, location: 2F 0-2: Ball 1-2: Ball 2-2: Ball 3-2: Base on Balls Dave Bennett to third Brian Fish to second
|
Batting: RHB Roberto Arce
|
0-0: Fielders Choice at 2nd, 6-4 (Groundball, 6)
|
Bottom of the 5th over - 0 runs, 1 hit, 0 errors, 3 left on base; Roy 2 - San Francisco 1 |
TOP OF THE 6TH |
Roy Eagle Squadron batting - Pitching for San Francisco Macho Men : RHP Héctor Martínez
|
Batting: LHB Octávio Otero
|
0-0: Ball 1-0: Foul Ball, location: 2F 1-1: DOUBLE (Flyball, 78D)
|
Batting: LHB Quinn Webb
|
0-0: Ball 1-0: Foul Ball, location: 2F 1-1: Ball 2-1: Fly out, F9 (Line Drive, 9)
|
Batting: SHB Dwight Hill
|
0-0: Called Strike 0-1: Foul Ball, location: 2F 0-2: Ground out 1-3 (Groundball, 15)
|
Batting: RHB Jack Jenkins
|
0-0: Foul Ball, location: 2F 0-1: Foul Ball, location: 2F 0-2: Ball 1-2: Ball 2-2: Foul Ball, location: 2F 2-2: Strikes out looking
|
Top of the 6th over - 0 runs, 1 hit, 0 errors, 1 left on base; Roy 2 - San Francisco 1 |
BOTTOM OF THE 6TH |
San Francisco Macho Men batting - Pitching for Roy Eagle Squadron : LHP Guonçallo Caldas
|
Pitching: LHP Dong-po Lok
|
|
Batting: RHB Daniel Bennett
|
0-0: Ball 1-0: Ball 2-0: Foul Ball, location: 2F 2-1: Ball 3-1: SINGLE (Line Drive, 9S)
|
Batting: RHB Bob Jones
|
0-0: Called Strike 0-1: Foul Ball, location: 2F 0-2: Ball 1-2: Fielders Choice at 2nd, 3-6 (Groundball, 3)
|
Batting: RHB Félix López
|
0-0: Ball 1-0: DOUBLE (Line Drive, 8LD) Bob Jones to third
|
Batting: RHB Dave MacGruder
|
0-0: TRIPLE (Flyball, 9LD) Bob Jones scores Félix López scores
|
Batting: RHB Ánibal López
|
0-0: Intentional Walk
|
Batting: RHB Dave Bennett
|
0-0: Called Strike 0-1: Ball 1-1: Ball 2-1: Swinging Strike 2-2: Ball 3-2: Foul Ball, location: 2F 3-2: SINGLE (Groundball, 34D) Dave MacGruder scores Ánibal López to second Runner from 2nd tries for 3rd, SAFE, no throw
|
Pitching: RHP Mitch Dawson
|
|
Batting: SHB Brian Fish
|
0-0: Called Strike 0-1: Foul Ball, location: 2F 0-2: Foul Ball, location: 2F 0-2: Ball 1-2: Fly out, F8 (Flyball, 89D) Runner from 3rd tags up, SCORES, throw made
|
Batting: RHB Weldon Duke
|
0-0: Ball 1-0: Fielders Choice at 2nd, 5-4 (Groundball, 5)
|
Bottom of the 6th over - 4 runs, 4 hits, 0 errors, 1 left on base; Roy 2 - San Francisco 5 |
TOP OF THE 7TH |
Roy Eagle Squadron batting - Pitching for San Francisco Macho Men : RHP Héctor Martínez
|
Batting: RHB Diego Molina
|
0-0: Ball 1-0: SINGLE (Groundball, 6MD)
|
Batting: RHB Cal Cox
|
0-0: Called Strike 0-1: Ball 1-1: Ball 2-1: SINGLE (Popup, 3D) Diego Molina to second Runner from 2nd tries for 3rd, SAFE, throw made at trailing runner, OUT!
|
Batting: LHB Carlos Ramírez
|
0-0: Ball 1-0: SINGLE (Groundball, 4S) (infield hit) Diego Molina scores
|
Batting: SHB Troy Holland
|
0-0: Called Strike 0-1: Ball 1-1: Ball 2-1: Ball 3-1: Foul Ball, location: 2F 3-2: Foul Ball, location: 2F 3-2: Base on Balls Carlos Ramírez to second
|
Pitching: RHP Cecil Cooper
|
|
Batting: LHB Reynaldo Martínez
|
0-0: Called Strike 0-1: Ball 1-1: Fly out, F8 (Flyball, 8LD)
|
Batting: LHB Octávio Otero
|
0-0: Ball 1-0: Foul Ball, location: 2F 1-1: Called Strike 1-2: Ball 2-2: Ground out 5-3 (Groundball, 56S)
|
Top of the 7th over - 1 run, 3 hits, 0 errors, 2 left on base; Roy 3 - San Francisco 5 |
BOTTOM OF THE 7TH |
San Francisco Macho Men batting - Pitching for Roy Eagle Squadron : RHP Mitch Dawson
|
Batting: RHB Roberto Arce
|
0-0: Swinging Strike 0-1: Foul Ball, location: 2F 0-2: Ball 1-2: Ball 2-2: Ball 3-2: Base on Balls
|
Batting: RHB Daniel Bennett
|
0-0: Grounds into double play, 5-4-3 (Groundball, 5)
|
Batting: RHB Bob Jones
|
0-0: Fly out, F4 (Flyball, 34D)
|
Bottom of the 7th over - 0 runs, 0 hits, 0 errors, 0 left on base; Roy 3 - San Francisco 5 |
TOP OF THE 8TH |
Roy Eagle Squadron batting - Pitching for San Francisco Macho Men : RHP Cecil Cooper
|
Now in RF: Manny Suárez
|
|
Batting: LHB Quinn Webb
|
0-0: DOUBLE (Line Drive, 89D)
|
Pitching: RHP Chris Smith
|
|
Batting: SHB Dwight Hill
|
0-0: Ball 1-0: Foul Ball, location: 2F 1-1: Foul Ball, location: 2F 1-2: Ball 2-2: Ball 3-2: DOUBLE (Line Drive, 9LM) Quinn Webb scores
|
Batting: RHB Jack Jenkins
|
0-0: Called Strike 0-1: Ball 1-1: Ball 2-1: Called Strike 2-2: 2-RUN HOME RUN (Flyball, 7LD), Distance : 334 ft
|
Batting: RHB Diego Molina
|
0-0: Ball 1-0: Called Strike 1-1: Swinging Strike 1-2: Foul Ball, location: 2F 1-2: Foul Ball, location: 2F 1-2: Strikes out swinging
|
Batting: RHB Cal Cox
|
0-0: Ball 1-0: Ball 2-0: Fly out, F8 (Flyball, 8LD)
|
Batting: LHB Carlos Ramírez
|
0-0: Swinging Strike 0-1: Called Strike 0-2: Strikes out swinging
|
Top of the 8th over - 3 runs, 3 hits, 0 errors, 0 left on base; Roy 6 - San Francisco 5 |
BOTTOM OF THE 8TH |
San Francisco Macho Men batting - Pitching for Roy Eagle Squadron : RHP Mitch Dawson
|
Now in CF: Pedro Rivera
|
|
Batting: RHB Félix López
|
0-0: Ball 1-0: SINGLE (Groundball, 6MD)
|
Pinch Hitting: RHB Clay Smith
|
0-0: Called Strike 0-1: SINGLE (Flyball, 8RM) Félix López to second
|
Batting: RHB Ánibal López
|
0-0: Ball 1-0: Ball 2-0: Ball 3-0: Called Strike 3-1: Base on Balls Félix López to third Clay Smith to second
|
Batting: RHB Dave Bennett
|
0-0: Swinging Strike 0-1: Ball 1-1: Ball 2-1: Foul Ball, location: 2F 2-2: Ball 3-2: Foul Ball, location: 2F 3-2: Base on Balls Félix López scores Clay Smith to third Ánibal López to second
|
Batting: SHB Brian Fish
|
0-0: Grounds into fielders choice 3-2 (Groundball, 3) Ánibal López to third Dave Bennett to second
|
Batting: RHB Manny Suárez
|
0-0: Ball 1-0: Foul Ball, location: 2F 1-1: Ball 2-1: Fly out, F8 (Flyball, 8LD) Runner from 3rd tags up, SCORES, throw made
|
Batting: RHB Roberto Arce
|
0-0: Called Strike 0-1: Called Strike 0-2: Ball 1-2: Ball 2-2: Ball 3-2: Strikes out looking
|
Bottom of the 8th over - 2 runs, 2 hits, 0 errors, 2 left on base; Roy 6 - San Francisco 7 |
TOP OF THE 9TH |
Roy Eagle Squadron batting - Pitching for San Francisco Macho Men : RHP Chris Smith
|
Now at C: Pedro Pérez
|
|
Now at 2B: Clay Smith
|
|
Now at SS: Armando Alomar
|
|
Pinch Hitting: LHB Manfredi Pérez
|
0-0: Ball 1-0: Called Strike 1-1: Swinging Strike 1-2: Ball 2-2: Ball 3-2: Base on Balls
|
Pinch Runner at 1st Eduardo Medina:
|
|
Batting: LHB Reynaldo Martínez
|
0-0: Ball 1-0: Swinging Strike 1-1: Ball 2-1: Called Strike 2-2: Fielders Choice at 2nd, 6-4 (Groundball, 6)
|
Batting: LHB Octávio Otero
|
0-0: Ball 1-0: Swinging Strike 1-1: Foul Ball, location: 2F 1-2: Ball 2-2: SINGLE (Groundball, 34D) Reynaldo Martínez to second Runner from 2nd tries for 3rd, SAFE, no throw
|
Batting: LHB Quinn Webb
|
0-0: Called Strike 0-1: Swinging Strike 0-2: Ball 1-2: Ball 2-2: Foul Ball, location: 2F 2-2: Fly out, F9 (Flyball, 9S) Runner from 3rd tags up, SCORES, throw made
|
Batting: SHB Dwight Hill
|
0-0: Called Strike 0-1: Ball 1-1: Ball 2-1: Foul Ball, location: 2F 2-2: Ball 3-2: Base on Balls Octávio Otero to second
|
Batting: RHB Jack Jenkins
|
0-0: Ball 1-0: Ball 2-0: Ball 3-0: Called Strike 3-1: Base on Balls Octávio Otero to third Dwight Hill to second
|
Pinch Hitting: RHB Juan Bruno
|
0-0: Fly out, F8 (Flyball, 8RM)
|
Top of the 9th over - 1 run, 1 hit, 0 errors, 3 left on base; Roy 7 - San Francisco 7 |
BOTTOM OF THE 9TH |
San Francisco Macho Men batting - Pitching for Roy Eagle Squadron : RHP Mitch Dawson
|
Now at 3B: Eduardo Medina
|
|
Now in CF: Juan Bruno
|
|
Batting: RHB Daniel Bennett
|
0-0: Called Strike 0-1: Called Strike 0-2: Ball 1-2: Ball 2-2: Strikes out swinging
|
Batting: RHB Bob Jones
|
0-0: Ball 1-0: Foul Ball, location: 2F 1-1: Ball 2-1: SINGLE (Groundball, 4D)
|
Pinch Runner at 1st Gonzalo Mouta:
|
|
Pinch Hitting: RHB Javier Gonzáles
|
0-0: Fly out, F3 (Line Drive, 3F) Lined into DP, U3 (Line Drive, 3F)
|
Bottom of the 9th over - 0 runs, 1 hit, 0 errors, 0 left on base; Roy 7 - San Francisco 7 |
TOP OF THE 10TH |
Roy Eagle Squadron batting - Pitching for San Francisco Macho Men : RHP Chris Smith
|
Now at C: Luis Marquis
|
|
Pinch Hitting: LHB Robinson González
|
0-0: Fly out, F7 (Flyball, 7LSF)
|
Batting: LHB Carlos Ramírez
|
0-0: Ball 1-0: Ball 2-0: Foul Ball, location: 2F 2-1: SINGLE (Groundball, 56D)
|
Pinch Hitting: RHB Roberto Valentín
|
0-0: Ball 1-0: Called Strike Carlos Ramírez is caught stealing 2nd base 1-1: Ball 2-1: Ball 3-1: Fly out, F9 (Flyball, 9LS)
|
Top of the 10th over - 0 runs, 1 hit, 0 errors, 0 left on base; Roy 7 - San Francisco 7 |
BOTTOM OF THE 10TH |
San Francisco Macho Men batting - Pitching for Roy Eagle Squadron : RHP Mitch Dawson
|
Pitching: LHP Jason Mills
|
|
Now at 2B: Ryan Campbell
|
|
Now at 3B: Miguel Navarro
|
|
Batting: RHB Clay Smith
|
0-0: Foul Ball, location: 2F 0-1: Ball 1-1: Swinging Strike 1-2: Ball 2-2: Strikes out swinging
|
Batting: RHB Ánibal López
|
0-0: Ball 1-0: SINGLE (Flyball, 9S)
|
Pinch Runner at 1st Jesús Pérez:
|
|
Batting: RHB Dave Bennett
|
0-0: Fly out, F9 (Flyball, 9S)
|
Pinch Hitting: RHB Jason Carr
|
0-0: Ball 1-0: Fielders Choice at 2nd, 6-4 (Groundball, 6)
|
Bottom of the 10th over - 0 runs, 1 hit, 0 errors, 1 left on base; Roy 7 - San Francisco 7 |
TOP OF THE 11TH |
Roy Eagle Squadron batting - Pitching for San Francisco Macho Men : RHP Chris Smith
|
Now in LF: Jesús Pérez
|
|
Batting: LHB Reynaldo Martínez
|
0-0: Called Strike
|
Now in RF: Jason Carr
|
0-1: Foul Ball, location: 2F 0-2: Ball 1-2: Ball 2-2: Ball 3-2: Base on Balls
|
Batting: LHB Octávio Otero
|
0-0: Ball 1-0: Called Strike 1-1: Ball 2-1: Fielders Choice at 2nd, 4-6 (Groundball, 4)
|
Pitching: LHP Alan Jones
|
|
Batting: LHB Quinn Webb
|
0-0: Ball 1-0: Foul Ball, location: 2F 1-1: Called Strike 1-2: Fielders Choice at 2nd, 5-4 (Groundball, 56)
|
Batting: SHB Dwight Hill
|
0-0: Ball Wild Pitch! Quinn Webb to second 1-0: Called Strike 1-1: Ball 2-1: Ball 3-1: Ground out 6-3 (Groundball, 6)
|
Top of the 11th over - 0 runs, 0 hits, 0 errors, 1 left on base; Roy 7 - San Francisco 7 |
BOTTOM OF THE 11TH |
San Francisco Macho Men batting - Pitching for Roy Eagle Squadron : LHP Jason Mills
|
Batting: RHB Manny Suárez
|
0-0: Ball 1-0: Ball 2-0: Ball 3-0: Base on Balls
|
Batting: RHB Roberto Arce
|
0-0: Called Strike 0-1: Ball 1-1: Ball 2-1: SINGLE (Groundball, 56D) Manny Suárez to second
|
Batting: RHB Daniel Bennett
|
0-0: Called Strike 0-1: Foul Ball, location: 2F 0-2: Ball 1-2: Ball 2-2: Foul Ball, location: 2F 2-2: SINGLE (Groundball, 6S) (infield hit) Manny Suárez to third Roberto Arce to second
|
Batting: RHB Gonzalo Mouta
|
0-0: Called Strike 0-1: Ball 1-1: SINGLE (Groundball, 4MD) Manny Suárez scores
|
Saturday, April 7th, 2018 - OOTP Baseball 18.8 Build 76
|
|